 Dungeon Crawl Stone Soup version 0.27-a0-1202-ge72e49191c (webtiles) character file.

Game seed: 6451301900068107100

236 pokeman the Magician (level 5, 0/29 HPs)
             Began as a Deep Elf Hedge Wizard on June 3, 2021.
             Succumbed to a water moccasin's poison
             ... on level 3 of the Dungeon.
             The game lasted 00:07:25 (3724 turns).

pokeman the Magician (Deep Elf Hedge Wizard)        Turns: 3724, Time: 00:07:26

Health: 0/29       AC:  6    Str:  4 (7)  XL:     5   Next: 77%
Magic:  2/16       EV: 11    Int: 18 (20) God:
Gold:   125        SH:  0    Dex: 12 (14) Spells: 6/17 levels left

rFire    . . .     SeeInvis .   a - +0 dagger
rCold    . . .     Faith    .   (no shield)
rNeg     . . .     Spirit   .   f - +0 leather armour
rPois    .         Reflect  .   d - +2 helmet
rElec    .         Harm     .   (no cloak)
rCorr    .         Rampage  .   (no gloves)
Will     .....                  (no boots)
Stlth    ++........             (no amulet)
HPRegen  0.09/turn              (no ring)
MPRegen  0.15/turn              (no ring)

@: lethally poisoned (0 -> -5)
A: no striking features
a: no special abilities


You were on level 3 of the Dungeon.
You visited 1 branch of the dungeon, and saw 3 of its levels.

You collected 125 gold pieces.

Inventory:

Hand Weapons
 a - a +0 dagger (weapon)
Missiles
 i - 18 bolts
Armour
 d - a +2 helmet (worn)
 f - a +0 leather armour (worn)
Wands
 b - a wand of flame (17)
Scrolls
 e - 3 scrolls of identify {unknown}
 g - a scroll of vulnerability {unknown}
 h - a scroll of silence {unknown}


   Skills:
 - Level 1.1 Fighting
 - Level 1.1 Armour
 - Level 3.0 Dodging
 + Level 2.8 Stealth
 * Level 6.5 Spellcasting
 + Level 3.0 Conjurations
 - Level 1.1 Summonings
 - Level 1.1 Translocations
 - Level 1.1 Fire Magic
 + Level 0.9 Air Magic


You had 6 spell levels left.
You knew the following spells:

 Your Spells              Type           Power      Damage    Failure   Level
a - Magic Dart            Conj           64%        1d6       6%          1
b - Mephitic Cloud        Conj/Pois/Air  10%        N/A       34%         3
c - Call Imp              Summ           9%         N/A       19%         2
d - Blink                 Tloc           N/A        N/A       19%         2
e - Conjure Flame         Conj/Fire      13%        6-21      26%         3

Your spell library contained the following spells:

 Spells                   Type           Power      Damage    Failure   Level
 Pain                     Necr           20%        1d5       21%         1
 Slow                     Hex            5%         N/A       30%         2
 Sticky Flame             Conj/Fire      13%        2d4       63%         4
 Animate Dead             Necr           2%         N/A       89%         4
 Ignition                 Fire           4%         3d4       100%        8


Dungeon Overview and Level Annotations

Branches:
Dungeon (3/15)

Altars:
Ashenzari


Message History

The water moccasin bites you.
Casting: Magic Dart (safe; 4% risk of failure)
Confirm with . or Enter, or press ? or * to list all spells.
Aiming: Magic Dart (safe; 4% risk of failure)
Press: ? - help, Shift-Dir - straight line, f/p - water moccasin
Aim: a water moccasin (moderately wounded, 100% to hit)
The magic dart hits the water moccasin.
The water moccasin is heavily wounded.
The water moccasin bites you.
You are lethally poisoned!
The water moccasin poisons you! The water moccasin closely misses you.
Unknown command.
Casting: Magic Dart (safe; 4% risk of failure)
Confirm with . or Enter, or press ? or * to list all spells.
You blink.
You feel very sick. The water moccasin bites you.
* * * LOW HITPOINT WARNING * * *
Unknown command.
Casting: Blink (safe; 14% risk of failure)
Confirm with . or Enter, or press ? or * to list all spells.
You blink.
* * * LOW HITPOINT WARNING * * *
You feel very sick.
Casting: Blink (safe; 14% risk of failure)
Confirm with . or Enter, or press ? or * to list all spells.
A beastly little devil appears in a puff of flame.
* * * LOW HITPOINT WARNING * * *
You feel sick.
The water moccasin bites you but does no damage.
Casting: Call Imp (safe; 14% risk of failure)
Confirm with . or Enter, or press ? or * to list all spells.
You blink.
* * * LOW HITPOINT WARNING * * *
You feel sick.
Unknown command.
It was a potion of degeneration.
There was something very wrong with that liquid.
You feel weakened.
You feel dopey.
You feel clumsy.
You die...

##########
##....)...#
#...@.###.##
#.#####.##ยง.###
#S5....########
#.####.........
### ##.######.
#........
#......#.
#......#.
..######.


You could see a water moccasin (ally target) and a friendly crimson imp
(summoned).

Vanquished Creatures
  An orc priest (D:2)
  An orc wizard (D:2)
  Natasha (thrice) (D:1)
  2 adders (D:2)
  2 worms (D:2)
  4 orcs
  4 ball pythons
  2 bats (D:2)
  5 endoplasms
  5 hobgoblins
  19 jackals
  6 kobolds
  6 quokkas
  2 frilled lizards
  5 goblins
  7 rats
74 creatures vanquished.

Vanquished Creatures (others)
  A plant (D:1)
1 creature vanquished.

Grand Total: 75 creatures vanquished

Notes
Turn   | Place    | Note
-------+----------+-------------------------------------------
     0 | D:1      | pokeman the Deep Elf Hedge Wizard began the quest for the
                  | Orb.
     0 | D:1      | Reached XP level 1. HP: 10/10 MP: 7/7
   306 | D:1      | Reached XP level 2. HP: 16/16 MP: 0/9
   936 | D:1      | Reached skill level 5 in Spellcasting
  1127 | D:1      | Identified the Volume of Distant Worlds
  1145 | D:1      | Reached XP level 3. HP: 20/20 MP: 1/11
  1587 | D:1      | Learned a level 3 spell: Mephitic Cloud
  1590 | D:1      | Learned a level 2 spell: Call Imp
  1593 | D:1      | Learned a level 2 spell: Blink
  1597 | D:1      | Learned a level 3 spell: Conjure Flame
  1725 | D:2      | Reached skill level 1 in Fighting
  1725 | D:2      | Reached skill level 1 in Armour
  1725 | D:2      | Reached XP level 4. HP: 25/25 MP: 3/13
  1868 | D:2      | Noticed Natasha
  1962 | D:1      | Killed Natasha
  2186 | D:1      | Noticed Natasha
  2198 | D:1      | Killed Natasha
  2337 | D:1      | Noticed Natasha
  2351 | D:1      | Killed Natasha
  2352 | D:1      | Reached skill level 6 in Spellcasting
  2352 | D:1      | Reached skill level 1 in Fire Magic
  2352 | D:1      | Reached XP level 5. HP: 29/29 MP: 7/15
  2430 | D:2      | Found a faded altar of an unknown god.
  2839 | D:2      | Found a broken altar of Ashenzari.
  3705 | D:3      | Noticed a water moccasin
  3723 | D:3      | HP: 1/29 [poisoned by a water moccasin]
  3724 | D:3      | Succumbed to a water moccasin's poison

Illustrated notes

Levels and vault maps discovered:
D:1:      minmay_arrival_five_plusses, layout_loops_ring, nrook_uturn,
          serial_bayou_pond_a, serial_bayou_ford_a
D:2:      cheibrodos_pilgrimage, layout_loops_ring, basic_altar,
          hellmonk_ecumenical_altar_crossroads, minmay_tetromino_l4,
          uniq_natasha
D:3:      layout_basic, amcnicky_altar_gilded, minmay_joined_circles

Skill      XL: |  1  2  3  4  5 |
---------------+----------------+-----
Spellcasting   | 5 6 |  6.5
Fighting       | 1 |  1.1
Armour         | 1 |  1.1
Conjurations   | 2 3 |  3.0
Fire Magic     | 1 |  1.1
Dodging        | 3 |  3.0
Stealth        | |  2.8
Summonings     | |  1.1
Translocations | |  1.1
Air Magic      | |  0.9

Action                   |  1- 3 |  4- 6 || total
-------------------------+-------+-------++-------
Melee: Dagger            |    34 |    38 ||    72
 Cast: Magic Dart        |    80 |   114 ||   194
       Mephitic Cloud    |     1 |     3 ||     4
       Conjure Flame     |     1 |     1 ||     2
       Blink             |       |     3 ||     3
       Call Imp          |       |     1 ||     1
  Use: Potion            |       |     1 ||     1
 Stab: Confused          |       |     2 ||     2
Armor: Robe              |    23 |     4 ||    27
       Leather armour    |       |    20 ||    20
Dodge: Dodged            |    36 |    53 ||    89

Table legend: (Time is in decaauts)
 A = Elapsed time spent in this place.
 B = Non-inter-level travel time spent in this place.
 C = Inter-level travel time spent in this place.
 D = Time resting spent in this place.
 E = Time spent auto-exploring this place.
 F = Levels seen in this place.
 G = Mean time per level.
                   A        B        C        D        E       F      G
               +--------+--------+--------+--------+--------+-----+--------+
         Total |   3750 |   3613 |    137 |    423 |   2615 |   3 | 1250.0 |
       Dungeon |   3750 |   3613 |    137 |    423 |   2615 |   3 | 1250.0 |
               +--------+--------+--------+--------+--------+-----+--------+

Top non-repeatable levels by time:
     D:1: 2314 daAuts
     D:2: 1366 daAuts
     D:3: 69 daAuts
